 Dungeon Crawl Stone Soup version 0.29-a0-284-gf9362112df (webtiles) character file.

Game seed: 10289292937999456224

345 siradein the Vandal (level 6, -5/57 HPs)
             Began as a Draconian Hunter on Mar 18, 2022.
             Slain by Duvessa
             ... wielding a +0 short sword
              (7 damage)
             ... on level 5 of the Dungeon.
             The game lasted 00:08:48 (4314 turns).

siradein the Vandal (Draconian Hunter)              Turns: 4314, Time: 00:08:49

Health: -5/57      AC:  6    Str: 11 (13) XL:     6   Next: 32%
Magic:  6/6        EV: 13    Int:  9 (11) God:
Gold:   261        SH:  0    Dex: 16 (17) Spells: 5/5 levels left

rFire   . . .      SeeInvis +   a - +1 hunting sling
rCold   . . .      Faith    .   (no shield)
rNeg    . . .      Spirit   .   (body armour unavailable)
rPois   .          Reflect  .   (helmet restricted)
rElec   .          Harm     .   (no cloak)
rCorr   .          Rampage  .   (no gloves)
Will    .....                   (no boots)
Stlth   ++........              (no amulet)
HPRegen 0.19/turn               k - ring of see invisible
MPRegen 0.10/turn               h - ring of flight

@: brilliant, flying
A: AC +6, unfitting armour, cold-blooded, agile 1, robust 1
a: no special abilities


You were on level 5 of the Dungeon.
You visited 1 branch of the dungeon, and saw 5 of its levels.

You collected 261 gold pieces.

Inventory:

Hand Weapons
 a - a +1 hunting sling (weapon)
Jewellery
 g - a +6 ring of intelligence
 h - a ring of flight (right hand)
 k - a ring of see invisible (left hand)
 s - a ring of ice
Scrolls
 b - a scroll of immolation
 c - a scroll of enchant armour {unknown}
 f - 2 scrolls of identify {unknown}
 j - a scroll of enchant weapon {unknown}
 l - a scroll of fear {unknown}
 p - a scroll of torment {unknown}
 q - a scroll of teleportation {unknown}
 u - a scroll of holy word {unknown}
 v - a scroll of blinking {unknown}
Potions
 d - 2 potions of brilliance
 e - 2 potions of mutation
 m - a potion of degeneration
 o - a potion of curing
 r - a potion of resistance {unknown}
 t - a potion of berserk rage {unknown}


   Skills:
 + Level 4.2 Fighting
 * Level 5.4 Slings
 + Level 3.4 Dodging
 - Level 0.8 Stealth


You had 5 spell levels left.
You didn't know any spells.
Your spell library contained the following spells:

 Spells                   Type           Power      Damage    Failure   Level
 Ozocubu's Armour         Ice            0%         N/A       77%         3
 Ice Form                 Ice/Tmut       0%         N/A       99%         4
 Agony                    Necr           0%         N/A       100%        5
 Haunt                    Necr/Summ      0%         N/A       100%        7
 Malign Gateway           Summ/Tloc      0%         N/A       100%        7


Dungeon Overview and Level Annotations

Branches:
Dungeon (5/15)
 Temple: D:4-7

Altars:
Ashenzari
Cheibriados
Elyvilon
Qazlal
Xom

Shops:
D:4 *

Annotations:
D:2 1 runed translucent door, Crazy Yiuf
D:4 2 runed translucent doors, Bimmy's ghost, amateur SpEn
D:5 Duvessa


Innate Abilities, Weirdness & Mutations

Your plain brown scales are hard. (AC +6)
You cannot fit into any form of body armour.
You are cold-blooded and may be slowed by cold attacks.
You are agile. (Dex +2)
You are robust. (+10% HP)


Message History

* * * LOW HITPOINT WARNING * * *
Fire: a) +1 hunting sling
Press: ? - help, Q - select action Shift-Dir - straight line, f/p - Duvessa
Aim: Duvessa, wielding a +0 short sword and wearing a +0 chain mail (severely wounded, 73% to hit)
You shoot a sling bullet. The sling bullet hits Duvessa.
Duvessa is severely wounded.
Duvessa barely misses you.
Fire: a) +1 hunting sling
Press: ? - help, Q - select action Shift-Dir - straight line, f/p - Duvessa
Aim: Duvessa, wielding a +0 short sword and wearing a +0 chain mail (severely wounded, 73% to hit)
You shoot a sling bullet. The sling bullet barely misses Duvessa.
Duvessa barely misses you.
Fire: a) +1 hunting sling
Press: ? - help, Q - select action Shift-Dir - straight line, f/p - Duvessa
Aim: Duvessa, wielding a +0 short sword and wearing a +0 chain mail (severely wounded, 73% to hit)
You shoot a sling bullet. The sling bullet hits Duvessa.
Duvessa is almost dead.
Duvessa hits you but does no damage.
Fire: a) +1 hunting sling
Press: ? - help, Q - select action Shift-Dir - straight line, f/p - Duvessa
Aim: Duvessa, wielding a +0 short sword and wearing a +0 chain mail (almost dead, 73% to hit)
You shoot a sling bullet.
The sling bullet hits Duvessa but does no damage.
Duvessa is almost dead.
Duvessa misses you. Duvessa hits you with a +0 short sword!
* * * LOW HITPOINT WARNING * * *
Fire: a) +1 hunting sling
Press: ? - help, Q - select action Shift-Dir - straight line, f/p - Duvessa
Aim: Duvessa, wielding a +0 short sword and wearing a +0 chain mail (almost dead, 73% to hit)
You shoot a sling bullet.
The sling bullet closely misses Duvessa.
Duvessa closely misses you.
Fire: a) +1 hunting sling
Press: ? - help, Q - select action Shift-Dir - straight line, f/p - Duvessa
Aim: Duvessa, wielding a +0 short sword and wearing a +0 chain mail (almost dead, 73% to hit)
You shoot a sling bullet. The sling bullet hits Duvessa.
Duvessa is almost dead.
Duvessa says, "My weaknesses are his strengths!"
Duvessa hits you with a +0 short sword!
You die...

#.#.#.......#
#.#.#########
#.#........^
#.##########
#.# #.# #.#
#.# #@# #e#
#.# #.# #.#
#.# #.# #..


You could see Duvessa.

Vanquished Creatures
  A bullfrog (D:4)
  2 howler monkeys
  A hound (D:4)
  2 jellies
  3 adders
  A shadow imp (D:5)
  A worm (D:4)
  5 dart slugs
  4 orcs
  4 ball pythons
  5 bats
  5 endoplasms
  2 giant cockroaches
  5 goblins
  6 hobgoblins
  3 jackals (D:2)
  3 quokkas
  4 frilled lizards
  5 kobolds
  6 rats
68 creatures vanquished.

Notes
Turn   | Place    | Note
-------+----------+-------------------------------------------
     0 | D:1      | siradein the Draconian Hunter began the quest for the Orb.
     0 | D:1      | Reached XP level 1. HP: 17/17 MP: 1/1
    35 | D:1      | Found a faded altar of an unknown god.
   259 | D:1      | Reached XP level 2. HP: 25/25 MP: 2/2
   755 | D:2      | Reached XP level 3. HP: 30/30 MP: 3/3
   772 | D:2      | Reached skill level 4 in Slings
   974 | D:2      | Found a shimmering altar of Xom.
  1442 | D:2      | Found a runed translucent door.
  1443 | D:2      | Noticed Crazy Yiuf
  1779 | D:3      | Found a white marble altar of Elyvilon.
  1904 | D:3      | Reached XP level 4. HP: 28/38 MP: 4/4
  2280 | D:3      | Got the Reference Book on Ice
  2806 | D:4      | Found a broken altar of Ashenzari.
  2817 | D:4      | Reached XP level 5. HP: 32/45 MP: 5/5
  3004 | D:4      | Found a large runed translucent door.
  3005 | D:4      | Found a large runed translucent door.
  3012 | D:4      | Got Joijuufi's Guide on Ghastly Displacement
  3136 | D:4      | Found a snail-covered altar of Cheibriados.
  3156 | D:4      | Reached skill level 5 in Slings
  3292 | D:4      | Found a stormy altar of Qazlal.
  3385 | D:4      | Reached XP level 6. HP: 36/52 MP: 6/6
  3501 | D:4      | Found Yseob's Assorted Antiques.
  3748 | D:4      | Noticed Bimmy's ghost (amateur SpEn)
  3767 | D:5      | Entered Level 5 of the Dungeon
  3805 | D:5      | Noticed a two-headed ogre
  4276 | D:5      | Noticed Duvessa
  4305 | D:5      | Gained mutation: You are robust. (+10% HP) [potion of
                  | mutation]
  4305 | D:5      | Gained mutation: You are agile. (Dex +2) [potion of
                  | mutation]
  4312 | D:5      | HP: 1/57 [Duvessa/+0 short sword (8)]
  4314 | D:5      | Slain by Duvessa

Illustrated notes

Levels and vault maps discovered:
D:1:      minmay_arrival_loop, layout_basic, chequers_ecumenical_altar_simple
D:2:      layout_rooms, basic_altar, kennysheep_big_empty_room,
          uniq_crazy_yiuf_cottage
D:3:      layout_basic, elyvilon_altar_3
D:4:      layout_cave_pods, evilmike_ruin_ashenzari,
          nicolae_qazlal_scattered_showers, kennysheep_slug_shrine,
          ebering_ghost_disaster_area, serial_shops, shop, minmay_misc_feat_iff
D:5:      layout_basic, kennysheep_mini, uniq_pikel, uniq_duvessa

Skill      XL: |  1  2  3  4  5 |
---------------+----------------+-----
Dodging        | 2 3 |  3.4
Fighting       | 3 4 |  4.2
Slings         | 4 5 |  5.4
Stealth        | |  0.8

Action                   |  1- 3 |  4- 6 || total
-------------------------+-------+-------++-------
 Fire: Hunting sling     |   145 |   156 ||   301
  Use: Potion            |       |     7 ||     7
Armor: Skin              |    19 |    22 ||    41
Dodge: Dodged            |    37 |    65 ||   102

Table legend: (Time is in decaauts)
 A = Elapsed time spent in this place.
 B = Non-inter-level travel time spent in this place.
 C = Inter-level travel time spent in this place.
 D = Time resting spent in this place.
 E = Time spent auto-exploring this place.
 F = Levels seen in this place.
 G = Mean time per level.
                   A        B        C        D        E       F      G
               +--------+--------+--------+--------+--------+-----+--------+
         Total |   4398 |   4325 |     73 |      0 |   3690 |   5 |  879.6 |
       Dungeon |   4398 |   4325 |     73 |      0 |   3690 |   5 |  879.6 |
               +--------+--------+--------+--------+--------+-----+--------+

Top non-repeatable levels by time:
     D:4: 1385 daAuts
     D:2: 901 daAuts
     D:3: 826 daAuts
     D:1: 772 daAuts
     D:5: 512 daAuts
